 Dungeon Crawl Stone Soup version 0.16-a0-2145-g6af420d (webtiles) character file.

165 smajdalf the Ruffian (level 5, -4/41 HPs)
             Began as a Ghoul Warper on Nov 13, 2014.
             Killed from afar by an orc wizard (9 damage)
             ... with a magic dart
             ... on level 3 of the Dungeon.
             The game lasted 00:07:45 (1619 turns).

smajdalf the Ruffian (Ghoul Warper)                 Turns: 1619, Time: 00:07:46

Health: -4/41      AC:  5    Str: 15    XL:     5   Next: 46%
Magic:  6/6        EV:  9    Int:  9    God:
Gold:   145        SH:  0    Dex:  8    Spells: 3 memorised, 2 levels left

rFire  + . .     SeeInvis .       - Unarmed
rCold  + + .     Clarity  .     b - +0 ring mail
rNeg   + + +     SustAb   .     (no shield)
rPois  +         Gourm    .     (no helmet)
rElec  +         Spirit   .     (no cloak)
rCorr  +         Warding  .     (no gloves)
rMut   .         Stasis   .     (no boots)
MR     .....                    (no amulet)
Stlth  ..........               (no ring)
                                (no ring)

@: resistant, rotting, not resistant to hostile enchantments, extremely
unstealthy
A: rotting body, claws 1, carnivore 3, cold resistance 1, negative energy
resistance 3, poison resistance, slow healing 1, torment resistance, unbreathing
a: no special abilities


You were on level 3 of the Dungeon.
You were not hungry.

You visited 1 branch of the dungeon, and saw 3 of its levels.

You collected 145 gold pieces.

Inventory:

Missiles
 e - 5 tomahawks of dispersal (quivered)
 m - 5 curare-tipped needles
 q - a stone
Armour
 b - a +0 ring mail (worn)
Jewellery
 j - an uncursed ring of fire
Scrolls
 d - a scroll of blinking
 g - 2 scrolls of remove curse {unknown}
 i - 2 scrolls of teleportation {unknown}
 n - a scroll of fog {unknown}
 o - 2 scrolls of amnesia {unknown}
 p - a scroll of identify {unknown}
 r - a scroll of magic mapping {unknown}
Potions
 f - 2 potions of resistance
 l - a potion of might {unknown}
 s - 2 potions of curing {unknown}
Books
 c - a book of Spatial Translocations

   Spells                             Type                      Level
   *Apportation                       Translocation                1
   *Blink                             Translocation                2
   *Shroud of Golubria                Charms/Translocation         2
   Portal Projectile                  Translocation                3
   Teleport Other                     Translocation                3
   Passage of Golubria                Translocation                4
Comestibles
 a - a chunk of flesh
 h - a slice of pizza
 k - a meat ration


   Skills:
 - Level 2.1 Fighting
 - Level 0.8 Throwing
 - Level 0.8 Armour
 - Level 1.7 Dodging
 + Level 6.0 Unarmed Combat
 - Level 1.7 Spellcasting
 - Level 2.6 Translocations


You had 2 spell levels left.
You knew the following spells:

 Your Spells              Type           Power        Failure   Level  Hunger
a - Apportation           Tloc           #.........   14%         1    ##.....
b - Blink                 Tloc           N/A          21%         2    ###....
c - Shroud of Golubria    Chrm/Tloc      #.........   38%         2    ###....


Dungeon Overview and Level Annotations

Branches:
Dungeon (3/15)

Altars:
Dithmenos
Fedhas

Annotations:
D:3 exclusion: oklob plant


Innate Abilities, Weirdness & Mutations

Your body is rotting away.
You thrive on raw meat.
You have sharp fingernails.
You are carnivorous and can eat meat at any time.
Your flesh is cold resistant.
You are immune to negative energy.
Your system is resistant to poisons.
You heal slowly when monsters are visible.
You are immune to unholy pain and torment.
You can survive without breathing.


Message History

It was a potion of resistance.
The orc wizard casts a spell.
The orc wizard blinks!
The orc barely misses you. The orc priest hits you with a club.
* * * LOW HITPOINT WARNING * * *
You scratch the orc priest.
The orc priest is heavily wounded.
The orc hits you but does no damage.
An orc priest comes into view. It is wielding a club.
You barely miss the orc priest.
The orc priest is severely wounded.
The orc priest calls upon Beogh to heal the orc.
The orc's wounds heal themselves!
The orc completely misses you.
You closely miss the orc priest.
The orc priest is severely wounded.
The orc is no longer bleeding.
The orc priest hits you but does no damage.
The orc wizard points at you and mumbles some strange words.
The magic dart hits you!
You die...

#....#............#
....#.####..........#
..###.####..........####
...<..o...#....รท....#
.........S####......#
.o...####...##......#
.#...o.....o...#####
....######o#### . ##
#@o# ... ##o##
..##.##..#
.........#####
#..............##
#.#...............#
##.#..........##..##
.............######
#.#.........#


You could see 2 orc priests, an orc wizard and an orc.

Vanquished Creatures
  A giant frog skeleton (D:3)
  A hound (D:3)
  Jessica (D:2)
  3 adders
  A giant mite (D:3)
  2 giant geckos
  2 ball pythons
  6 goblins
  10 hobgoblins
  8 jackals (D:1)
  6 kobolds
  4 bats (D:1)
  A giant newt (D:2)
  A quokka (D:2)
  8 rats
  A toadstool (D:3)
56 creatures vanquished.

Vanquished Creatures (others)
  11 toadstools (D:3)
11 creatures vanquished.

Grand Total: 67 creatures vanquished

Notes
Turn   | Place    | Note
--------------------------------------------------------------
     0 | D:1      | smajdalf, the Ghoul Warper, began the quest for the Orb.
     0 | D:1      | Reached XP level 1. HP: 17/17 MP: 2/2
    76 | D:1      | Reached skill level 3 in Unarmed Combat
    76 | D:1      | Reached XP level 2. HP: 9/24 MP: 3/3
   364 | D:1      | Reached XP level 3. HP: 25/29 MP: 5/5
   699 | D:1      | Reached skill level 4 in Unarmed Combat
   804 | D:2      | Noticed Jessica
   811 | D:2      | Killed Jessica
   968 | D:2      | Found a shadowy altar of Dithmenos.
   978 | D:2      | Reached XP level 4. HP: 27/36 MP: 5/5
   996 | D:2      | Learned a level 2 spell: Blink
   999 | D:2      | Learned a level 2 spell: Shroud of Golubria
  1201 | D:2      | Reached skill level 5 in Unarmed Combat
  1351 | D:3      | Reached XP level 5. HP: 37/41 MP: 6/6
  1414 | D:3      | Found a blossoming altar of Fedhas.
  1434 | D:3      | Noticed an oklob plant
  1604 | D:3      | Reached skill level 6 in Unarmed Combat
  1619 | D:3      | Killed from afar by an orc wizard

Action                   |  1- 3 |  4- 6 || total
-------------------------+-------+-------++-------
Melee: Unarmed           |   114 |   103 ||   217
  Use: Potion            |       |     1 ||     1
  Eat: Chunk             |    21 |    15 ||    36
